 Dungeon Crawl Stone Soup version 0.13-a0-1577-g2bae144 (webtiles) character file.

209 Kae the Chopper (level 4, -3/40 HPs)
             Began as a Hill Orc Fighter on June 11, 2013.
             Killed by divine providence
             ... invoked by an orc priest
              (9 damage)
             ... on Level 3 of the Dungeon.
             The game lasted 00:03:24 (1847 turns).

Kae the Chopper (Hill Orc Fighter)                  Turns: 1847, Time: 00:03:24

HP  -3/40        AC  8     Str 19      XL: 4   Next: 46%
MP   3/3         EV  6     Int  8      God:
Gold 125         SH 19     Dex 10      Spells:  0 memorised,  3 levels left

Res.Fire  : . . .   See Invis. : .   a - +0 orc hand axe {=f}
Res.Cold  : . . .   Warding    : .   b - +0 orc scale mail
Life Prot.: . . .   Conserve   : .   c - +0 orc shield
Res.Poison: .       Res.Corr.  : .   (no helmet)
Res.Elec. : .       Clarity    : .   k - +0 elf cloak
Sust.Abil.: . .     Spirit.Shd : .   (no gloves)
Res.Mut.  : .       Stasis     : .   (no boots)
Res.Rott. : .       Flight     : .   (no amulet)
Saprovore : + . .                    (no ring)
                                     (no ring)

@: slightly resistant to hostile enchantments, extremely unstealthy
A: saprovore 1
a: Convert to Beogh


You were on level 3 of the Dungeon.
You were hungry.

You visited 1 branch of the dungeon, and saw 3 of its levels.

You collected 105 gold pieces.

Inventory:

Hand weapons
 a - a +0,+0 orcish hand axe (weapon) {=f}
Armour
 b - a +0 orcish scale mail (worn)
 c - a +0 orcish shield (worn)
 k - a +0 elven cloak (worn)
Comestibles
 d - 3 meat rations
 m - 2 bread rations
 r - a beef jerky
 u - a chunk of jackal flesh
Scrolls
 e - 3 scrolls of magic mapping {unknown}
 f - 5 scrolls of identify {unknown}
 i - 5 scrolls of remove curse {unknown}
 o - 3 scrolls of recharging {unknown}
 p - 2 scrolls of amnesia {unknown}
Jewellery
 h - an uncursed ring of poison resistance {unknown}
 t - a +3 ring of evasion {unknown}
Potions
 g - 2 potions of speed
 j - a potion of might {unknown}
 l - a potion of restore abilities {unknown}
 n - a potion of brilliance {unknown}
 q - a potion of heal wounds {unknown}
 s - a potion of curing


   Skills:
 + Level 4.2 Fighting
 * Level 4.5 Axes
 + Level 3.7 Armour
 + Level 3.9 Shields


You had 3 spell levels left.
You didn't know any spells.

Dungeon Overview and Level Annotations

Branches:
Dungeon (3/27)

Altars:
Fedhas

Annotations
D:3 tyrsky's ghost, weakling SpEn


Innate Abilities, Weirdness & Mutations

You can tolerate rotten meat.


Message History

You hit the plant but do no damage.
The plant is lightly damaged.
You hit the orc priest but do no damage.
The orc priest glows brightly for a moment.
The orc hits you but does no damage.
The orc priest hits you with an orcish dagger.
* * * LOW HITPOINT WARNING * * *
You hit the orc priest but do no damage.
You hit the plant but do no damage.
The plant is lightly damaged.
You block the orc's attack.
The orc priest threatens, "By the altar or by the axe, you will meet Beogh!"
You block the orc priest's attack.
Unknown command.
You closely miss the orc priest. You hit the plant but do no damage.
The plant is lightly damaged.
You block the orc's attack.
The orc priest mumbles some strange prayers to Beogh against you.
Something smites you!
You die...

......# #..#
####..# #..# #..#
#..# #..# #..#
###..# #..#
....### #..#
...≈≈####..#
#o.≈≈♣.##..#
#@P♣♣≈P##(.#
#o)♣≈≈)....#
#...((((...#
≈≈≈.....######..#
♣......# #..#
#####..# #..#
#..# #..# #..#
#..# #..# #..#


You could see an orc priest and an orc.

Vanquished Creatures
  Jessica (D:2)
  2 adders
  A giant mite (D:3)
  7 bats
  A giant cockroach (D:2)
  4 goblins
  6 hobgoblins
  7 kobolds
  3 giant geckos
  A giant newt (D:1)
  A hobgoblin skeleton (D:3)
  3 jackals (D:3)
  7 rats
44 creatures vanquished.

Vanquished Creatures (others)
  A plant (D:3)
1 creature vanquished.

Grand Total: 45 creatures vanquished

Notes
Turn   | Place    | Note
--------------------------------------------------------------
     0 | D:1      | Kae, the Hill Orc Fighter, began the quest for the Orb.
     0 | D:1      | Reached XP level 1. HP: 19/19 MP: 0/0
   226 | D:1      | Reached XP level 2. HP: 26/26 MP: 1/1
   790 | D:2      | Noticed Jessica
   813 | D:2      | Killed Jessica
   813 | D:2      | Reached XP level 3. HP: 10/33 MP: 2/2
  1131 | D:2      | Reached skill level 4 in Axes
  1162 | D:2      | Found a blossoming altar of Fedhas.
  1549 | D:3      | Reached XP level 4. HP: 38/40 MP: 3/3
  1737 | D:3      | Noticed tyrsky's ghost (weakling SpEn)
  1847 | D:3      | Killed from afar by an orc priest

Action                   |  1- 3 |  4- 6 || total
-------------------------+-------+-------++-------
Melee: Hand axe          |   112 |    56 ||   168
  Use: Potion            |     2 |       ||     2
